 Dungeon Crawl Stone Soup version 0.30-a0-634-g8abc85282e (webtiles) character file.

Game seed: 6820333483581222807

401 Rexfelis the Chopper (level 6, -1/56 HPs)
             Began as a Minotaur Berserker on Jan 14, 2023.
             Was a Priest of Trog.
             Slain by a gnoll
             ... wielding a +0 flail
             ... led by a gnoll bouda
              (5 damage)
             ... on level 5 of the Dungeon.
             The game lasted 00:07:32 (3217 turns).

Rexfelis the Chopper (Minotaur Berserker)           Turns: 3217, Time: 00:07:33

Health: -1/56      AC: 11    Str: 23    XL:     6   Next: 54%
Magic:  5/5        EV:  7    Int:  4    God:    Trog [***...]
Gold:   185        SH:  5    Dex: 10    Spells: 5/5 levels left

rFire   + . .      SeeInvis .    a - +0 hand axe
rCold   . . .      Faith    .    (no shield)
rNeg    . . .      Spirit   .    C - +0 plate armour
rPois   .          Reflect  +    (helmet restricted)
rElec   .          Harm     .    (no cloak)
rCorr   +          Rampage  .    (no gloves)
Will    ++...                    (no boots) Stlth
                                 y - amulet of reflection
HPRegen 1.29/turn                e - ring of protection from fire
MPRegen 0.09/turn                p - ring of resist corrosion

@: strong-willed, on berserk cooldown, regenerating, slowed, very slow
A: horns 2, retaliatory headbutt
a: Renounce Religion, Berserk, Trog's Hand


You were on level 5 of the Dungeon.
You worshipped Trog.
Trog was most pleased with you.
You visited 1 branch of the dungeon, and saw 5 of its levels.

You collected 185 gold pieces.

Inventory:

Hand Weapons
 a - a +0 hand axe (weapon)
 v - a +0 sling
 x - a +0 trident
Missiles
 h - 4 datura-tipped darts (quivered)
 E - a throwing net
Armour
 b - a +0 animal skin
 m - a +0 buckler
 u - a +0 ring mail
 w - a +0 chain mail
 C - a +0 plate armour (worn)
Jewellery
 e - a ring of protection from fire (left hand)
 p - a ring of resist corrosion (right hand)
 y - an amulet of reflection (around neck)
Wands
 s - a wand of paralysis (12)
Scrolls
 c - a scroll of poison {unknown}
 d - a scroll of vulnerability {unknown}
 f - 5 scrolls of identify {unknown}
 g - a scroll of amnesia {unknown}
 i - 2 scrolls of acquirement {unknown}
 j - 2 scrolls of fear {unknown}
 n - a scroll of teleportation {unknown}
 o - a scroll of noise {unknown}
 r - a scroll of torment {unknown}
 A - a scroll of enchant weapon {unknown}
 B - a scroll of magic mapping {unknown}
Potions
 k - 2 potions of invisibility {unknown}
 l - 4 potions of curing {unknown}
 q - a potion of flight {unknown}
 t - a potion of ambrosia {unknown}
 z - a potion of degeneration {unknown}
 D - a potion of might {unknown}


   Skills:
 + Level 5.0 Fighting
 * Level 6.3 Axes
 + Level 4.3 Armour
 + Level 3.9 Dodging


You had 5 spell levels left.
You didn't know any spells.
Your spell library was empty.

Dungeon Overview and Level Annotations

Branches:
Dungeon (5/15)
 Temple: D:4-7

Altars:
Gozag
Kikubaaqudgha
Okawaru
Wu Jian
Xom
Yredelemnul


Innate Abilities, Weirdness & Mutations

You have a pair of horns on your head.
You reflexively headbutt those who attack you in melee.


Message History

You block the gnoll's attack.
You feel sick. The gnoll hits you with a +0 spear.
* * * LOW HITPOINT WARNING * * *
You barely miss the gnoll. You headbutt the gnoll!
You feel the power of Trog in you as your rage grows.
You kill the gnoll!
Trog accepts your kill.
You feel sick.
You feel sick.
The gnoll bouda barks out a call to the hunt!
The gnolls pick up the pace!
Things that are here:
a +0 spear; a gnoll corpse You slice the gnoll bouda!!
You kill the gnoll bouda!
Trog accepts your kill.
You feel sick.
A gnoll comes into view. It is wielding a +0 spear.
You closely miss the gnoll. You headbutt the gnoll.
The gnoll is moderately wounded.
You block the gnoll's attack.
You slash the gnoll!
You kill the gnoll!
Trog accepts your kill.
You are no longer berserk.
You are exhausted.
You feel yourself slow down.
You feel sick.
You feel sick. You block the gnoll's attack.
The gnoll hits you with a +0 flail!
* * * LOW HITPOINT WARNING * * *
Items here: )) [ †.
You barely miss the gnoll. You headbutt the gnoll.
The gnoll is moderately wounded.
You feel sick.
You are no longer poisoned.
The gnoll hits you but does no damage.
You hit the gnoll. Your headbutt misses the gnoll. Your punch misses the gnoll.
The gnoll is moderately wounded.
You block the gnoll's attack. The gnoll hits you with a +0 flail.
You die...

###.....# .......#
#####.....#
########
......<...#
#....... #†#
#.._....
#.#########._8_..#
#............_...#
#)########......##
#@# ###.##.# #g#
#######.##.# #o#
#.......##.# #g#
#.########.# ...
..# #.# ### #.#
#.#


You could see 2 gnolls and an orc.

Vanquished Creatures
  2 killer bees (D:5)
  2 gnoll boudas
  3 iguanas (D:4)
  7 gnolls
  4 adders
  3 worms
  3 dart slugs
  6 ball pythons
  5 endoplasms
  2 giant cockroaches
  4 goblins
  8 hobgoblins
  7 jackals (D:2)
  3 quokkas
  3 bats
  7 frilled lizards
  3 kobolds
  5 rats
77 creatures vanquished.

Notes
Turn   | Place    | Note
-------+----------+-------------------------------------------
     0 | D:1      | Rexfelis the Minotaur Berserker began the quest for the
                  | Orb.
     0 | D:1      | Reached XP level 1. HP: 19/19 MP: 0/0
   231 | D:1      | You fall into a shaft and drop 1 floor!
   242 | D:2      | Reached skill level 4 in Axes
   242 | D:2      | Reached XP level 2. HP: 25/27 MP: 1/1
   495 | D:1      | Reached XP level 3. HP: 33/33 MP: 2/2
  1065 | D:2      | Reached ** piety under Trog
  1623 | D:3      | Reached XP level 4. HP: 40/40 MP: 3/3
  1782 | D:3      | Found an iron altar of Okawaru.
  1862 | D:3      | Found an opulent altar of Gozag.
  2307 | D:4      | Reached skill level 5 in Axes
  2640 | D:4      | Reached XP level 5. HP: 38/47 MP: 4/4
  2944 | D:4      | Reached *** piety under Trog
  2951 | D:4      | Reached XP level 6. HP: 42/55 MP: 5/5
  3115 | D:5      | Entered Level 5 of the Dungeon
  3166 | D:5      | Found an ancient bone altar of Kikubaaqudgha.
  3166 | D:5      | Found a shimmering altar of Xom.
  3166 | D:5      | Found an ornate altar of the Wu Jian Council.
  3167 | D:5      | Found a basalt altar of Yredelemnul.
  3200 | D:5      | Reached skill level 6 in Axes
  3207 | D:5      | Reached skill level 5 in Fighting
  3215 | D:5      | HP: 1/56 [gnoll/+0 flail[a gnoll bouda] (10)]
  3217 | D:5      | Slain by a gnoll

Illustrated notes

Levels and vault maps discovered:
D:1:      dpeg_arrival_signposts, layout_loops_ring
D:2:      minmay_wonky_spiral, layout_rooms
D:3:      layout_loops_cross, kennysheep_okawaru_gauntlet,
          nicolae_gozag_cash_rules_everything_around_me,
          hangedman_decor_peaks_small, kennysheep_minor_cross, hex_large,
          grunt_ministairs_3
D:4:      layout_gridville
D:5:      layout_loops_ring, chequers_temple_overflow_statue_of_worship,
          minmay_temple_entry_nine_rooms

Skill      XL: |  1  2  3  4  5  6 |
---------------+-------------------+-----
Axes           | 4 5 6 |  6.3
Fighting       | 4 5 |  5.0
Armour         | 3 4 |  4.3
Dodging        | 3 |  3.9

Action                   |  1- 3 |  4- 6 || total
-------------------------+-------+-------++-------
Melee: Hand axe          |    89 |    98 ||   187
       Headbutt          |    11 |    13 ||    24
       Punch             |       |     1 ||     1
Invok: Berserk           |       |     2 ||     2
       Trog's Hand       |       |     1 ||     1
 Stab: Sleeping          |     1 |       ||     1
Armor: Animal skin       |    17 |       ||    17
       Chain mail        |       |    14 ||    14
       Plate armour      |       |    37 ||    37
       Ring mail         |       |     1 ||     1
Dodge: Dodged            |    63 |    35 ||    98
Block: Other             |       |    19 ||    19

Table legend: (Time is in decaauts)
 A = Elapsed time spent in this place.
 B = Non-inter-level travel time spent in this place.
 C = Inter-level travel time spent in this place.
 D = Time resting spent in this place.
 E = Time spent auto-exploring this place.
 F = Levels seen in this place.
 G = Mean time per level.
                   A        B        C        D        E       F      G
               +--------+--------+--------+--------+--------+-----+--------+
         Total |   3228 |   3085 |    143 |    319 |   2201 |   5 |  645.6 |
       Dungeon |   3228 |   3085 |    143 |    319 |   2201 |   5 |  645.6 |
               +--------+--------+--------+--------+--------+-----+--------+

Top non-repeatable levels by time:
     D:1: 1020 daAuts
     D:4: 821 daAuts
     D:3: 696 daAuts
     D:2: 591 daAuts
     D:5: 99 daAuts
